AoeStats
← propz

Arabia

510412665Analyzed
3v3 RM · 1d ago on Sep 30, 2026· 32m 36s· 6 players
Game mode
Random Map
Map size
Normal (6 player)
Population
200
Speed
Normal
Resources
Standard
Victory
Conquest
Starting age
Dark Age
Ending age
Imperial Age
RankedLock teamsTeams togetherTeam positionsShared explorationLock speedFull tech treeHidden civsTurbo modeCheats
Victory
Defeat
🇵🇪 Tatars · Peru
1133
+14
🇵🇪 Franks · Peru
1098
+16
🇵🇪 Vietnamese · Peru
1046
+18
🇺🇸 Varangians · United States
1131
-18
🇦🇷 Spanish · Argentina
1073
-15
🇩🇰 Danes · Denmark
1060
-15
BabyWondeR
7:17 Loom
10:29 Feudal Age
10:57 Double-Bit Axe
10:53 Horse Collar
17:42 Town Watch
20:43 Castle Age
19:34 Bloodlines
19:31 Scale Barding Armor
20:19 Fletching
20:49 Gold Mining
21:33 Husbandry
21:34 Bodkin Arrow
23:05 Chain Barding Armor
23:57 Wheelbarrow
25:59 Padded Archer Armor
27:09 Bow Saw
31:42 Hand Cart
32:07 Ballistics
Berney
8:20 Loom
10:39 Feudal Age
20:43 Castle Age
22:05 Scale Barding Armor
22:11 Forging
22:24 Double-Bit Axe
25:48 Husbandry
27:18 Wheelbarrow
abcfef
8:50 Loom
10:55 Feudal Age
15:56 Castle Age
14:00 Double-Bit Axe
16:10 Fletching
17:23 Bodkin Arrow
17:28 Padded Archer Armor
18:16 Bow Saw
20:05 Crossbowman
22:36 Thumb Ring
25:31 Padded Archer Armor
25:15 Horse Collar
25:34 Gold Mining
27:23 Wheelbarrow
29:47 Ballistics
31:27 Stone Mining
rambo
6:54 Loom
9:08 Feudal Age
11:59 Bloodlines
21:48 Scale Barding Armor
23:04 Forging
26:42 Castle Age
26:01 Gold Mining
25:58 Double-Bit Axe
30:14 Bow Saw
propz
4:40 Loom
10:34 Feudal Age
12:05 Double-Bit Axe
18:50 Castle Age
17:56 Scale Mail Armor
18:06 Forging
20:12 Squires
20:33 Bow Saw
21:39 Gambesons
22:49 Fletching
25:31 Wheelbarrow
25:56 Bodkin Arrow
26:02 Padded Archer Armor
26:24 Elite Skirmisher
27:24 Pikeman
30:06 Hand Cart
30:50 Town Watch
Downk
3:16 Loom
10:46 Feudal Age
17:57 Castle Age
16:42 Double-Bit Axe
20:00 Horse Collar
22:23 Bloodlines
22:14 Husbandry
22:28 Gold Mining
26:29 Scale Barding Armor
28:55 Forging
31:14 Chain Barding Armor
31:30 Iron Casting
Connection lost

Rejoining the realm…

Still unreachable

The connection could not be restored.

Session expired

The server has moved on; the page needs a fresh start.